 Dungeon Crawl Stone Soup version 0.31-a0-198-g2ad674f65e (webtiles) character file.

Game seed: 11916451972778307656

657 qw the Skirmisher (level 7, 0/40 HPs)
             Began as a Deep Elf Hunter on June 25, 2023.
             Slain by an ice beast (2 damage)
             ... on level 4 of the Dungeon.
             The game lasted 00:01:05 (3177 turns).

qw the Skirmisher (Deep Elf Hunter)                 Turns: 3177, Time: 00:01:05

Health: 0/40       AC:  4    Str: 10    XL:     7   Next: 29%
Magic:  9/9        EV: 14    Int: 14    God:
Gold:   136        SH:  0    Dex: 18    Spells: 6/6 levels left

rFire   x . .        Y - +2 shortbow
rCold   . . .        (shield currently unavailable)
rNeg    . . .        l - +1 robe of the Lemon {SInv}
rPois   .            (no helmet)
rElec   .            (no cloak)
rCorr   +            (no gloves)
SInv    +            c - +0 pair of boots of Fiuqac {rF- rCorr Slay+5 Stlth+}
Will    .....        (no amulet)
Stlth   +++          (no ring)
HPRegen 0.26/turn    (no ring)
MPRegen 0.11/turn

%: no passive effects
@: no status effects
A: no striking features
a: no special abilities


You were on level 4 of the Dungeon.
You visited 1 branch of the dungeon, and saw 5 of its levels.

You collected 136 gold pieces.


   Skills:
 - Level 2.0 Fighting
 - Level 10.9 Ranged Weapons
 - Level 1.0 Armour
 + Level 3.7 Dodging
 - Level 1.2 Stealth


You had 6 spell levels left.
You didn't know any spells.
Your spell library was empty.

Inventory:

Hand Weapons
 Y - a +2 shortbow (weapon)
Armour
 c - the +0 pair of boots of Fiuqac (worn) {rF- rCorr Slay+5 Stlth+}
   (You acquired it on level 2 of the Dungeon)

   Slay:      It affects your accuracy & damage with ranged weapons and melee
   (+5).
   rF:        It makes you vulnerable to fire.
   rCorr:     It protects you from acid and corrosion.
   Stlth:     It makes you more stealthy.
 g - a +0 ring mail
 l - the +1 robe of the Lemon (worn) {SInv}
   (You found it on level 4 of the Dungeon)

   SInv:      It lets you see invisible.
Scrolls
 b - a scroll of identify
Potions
 a - 2 potions of curing
 d - a potion of attraction {unknown}
 e - a potion of enlightenment {unknown}
 f - a potion of cancellation {unknown}
 h - a potion of degeneration {unknown}
 i - a potion of heal wounds {unknown}
 j - a potion of might
 k - a potion of mutation {unknown}
 m - a potion of magic {unknown}

Dungeon Overview and Level Annotations

Branches:
Dungeon (5/15)
 Temple: D:4-7

Altars:
Dithmenos
Nemelex Xobeh
Vehumet

Shops:
D:2 =   D:3 (


Message History

Enter note:
Enter note: You shoot an arrow.
The arrow hits the orc wizard.
The orc wizard is heavily wounded.
The hound misses you. The hound barely misses you.
The ice beast closely misses you. The orc wizard barely misses you.
You shoot an arrow. The arrow barely misses the orc wizard.
The hound barely misses you. x2; The ice beast closely misses you.
The orc wizard completely misses you.
You shoot an arrow. The arrow hits the orc wizard!
You kill the orc wizard!
The hound closely misses you. The hound bites you but does no damage.
The hound misses you. The ice beast hits you. The ice beast freezes you!
The hound bites you but does no damage.
You shoot an arrow. The arrow closely misses the hound.
The hound bites you. The hound barely misses you.
You shoot an arrow. The arrow barely misses the hound.
The ice beast misses you. The hound barely misses you. The hound misses you.
You shoot an arrow. The arrow hits the hound!
The hound is severely wounded.
The hound bites you. The hound closely misses you.
The ice beast hits you but does no damage.
You shoot an arrow. The arrow hits the hound.
You kill the hound!
The hound barely misses you. The ice beast closely misses you.
The hound barely misses you.
You shoot an arrow. The arrow barely misses the hound.
The hound bites you. The ice beast barely misses you.
You shoot an arrow. The arrow misses the hound.
The hound closely misses you. The ice beast closely misses you.
You shoot an arrow. The arrow hits the hound!
The hound is heavily wounded.
The hound closely misses you.
You shoot an arrow. The arrow closely misses the hound.
The hound closely misses you. The ice beast closely misses you.
The hound misses you.
You shoot an arrow. The arrow hits the hound.
The hound is severely wounded.
The ice beast hits you.
You die...

.........#.##....###.####.##.###.
.#######.............# #.####..[
.).# #...........### #.###..8.
##.# #...........# #.#.#..._ ##.#
#...........# #...#..8. ##.#
#.....#...### ###.##... ##.##
###.###...# #<.##..
....######.#####.#### #..###'
##..)..........Y@...#######..#.#.
)...###########).h.............##
###...<.........###.######.......
....############# #.######...#)##
##### #........).#.#. #
#.............. # #.####.#.....#.
# #.# ##......## # #.# #.......#


You could see an ice beast and a hound.

Vanquished Creatures
  Sigmund (D:3)
  Menkaure (D:4)
  An orc priest (D:4)
  4 hounds (D:4)
  Jessica (D:3)
  2 orc wizards (D:4)
  An iguana (D:3)
  A gnoll (D:1)
  6 adders
  3 dart slugs
  4 orcs
  6 ball pythons
  9 bats
  4 endoplasms
  3 giant cockroaches
  8 goblins
  3 hobgoblins (D:1)
  2 jackals (D:1)
  A quokka (D:4)
  2 frilled lizards
  6 kobolds
  4 rats
73 creatures vanquished.

Notes
Turn   | Place    | Note
-------+----------+-------------------------------------------
     0 | D:1      | qw the Deep Elf Hunter began the quest for the Orb.
     0 | D:1      | Reached XP level 1. HP: 12/12 MP: 3/3
     0 | D:1      | 0 ||| qw: Version: 0.3-a-22-g0ed2b0b
     0 | D:1      | 0 ||| qw: Game counter: 5332
     0 | D:1      | 0 ||| qw: Melee chars always use a shield: true
     0 | D:1      | 0 ||| qw: God list: Okawaru
     0 | D:1      | 0 ||| qw: Allow faded altars: false
     0 | D:1      | 0 ||| qw: Do Orc after clearing Dungeon:15 true
     0 | D:1      | 0 ||| qw: Do second Lair branch before Depths: true
     0 | D:1      | 0 ||| qw: Lair rune preference: random
     0 | D:1      | 0 ||| qw: Goals: Normal
     0 | D:1      | 0 ||| PLANNING D:1-11
    82 | D:1      | HP: 2/12 [kobold/+0 short sword (3)]
    85 | D:1      | Reached XP level 2. HP: 1/16 MP: 4/4
    86 | D:1      | Reached skill level 6 in Ranged Weapons
   189 | D:1      | 189 ||| FLEEEEING.
   190 | D:1      | 190 ||| FLEEEEING.
   191 | D:1      | 191 ||| FLEEEEING.
   193 | D:1      | 193 ||| FLEEEEING.
   194 | D:1      | 194 ||| FLEEEEING.
   195 | D:1      | 195 ||| FLEEEEING.
   196 | D:1      | 196 ||| FLEEEEING.
   244 | D:1      | Reached XP level 3. HP: 20/20 MP: 5/5
   647 | D:1      | 647 ||| UPGRADING to +0 ring mail.
   657 | D:1      | 657 ||| DROPPING +0 leather armour.
   658 | D:1      | 658 ||| READING scroll labelled XYNEYS MUUPO.
   659 | D:1      | 659 ||| DROPPING scroll of butterflies.
  1063 | D:2      | Found Leopeir's Jewellery Boutique.
  1068 | D:2      | 1068 ||| SHOPLISTING amulet of regeneration (390 gold, have
                  | 37).
  1068 | D:2      | 1068 ||| SHOPLISTING amulet of the Air {Inacc Air Fly rElec
                  | RMsl} (488 gold, have 37).
  1068 | D:2      | 1068 ||| SHOPLISTING amulet of the acrobat (390 gold, have
                  | 37).
  1068 | D:2      | 1068 ||| SHOPLISTING ring of positive energy (260 gold,
                  | have 37).
  1068 | D:2      | 1068 ||| SHOPLISTING ring of protection from cold (325
                  | gold, have 37).
  1314 | D:2      | 1314 ||| READING scroll labelled PIEQEOJ DUNILALO.
  1314 | D:2      | Identified a scroll of acquirement
  1314 | D:2      | 1314 ||| ACQUIRING +0 pair of boots of Fiuqac {rF- rCorr
                  | Slay+5 Stlth+}
  1314 | D:2      | Acquired the +0 pair of boots of Fiuqac {rF- rCorr Slay+5
                  | Stlth+}
  1316 | D:2      | 1316 ||| UPGRADING to +0 pair of boots of Fiuqac {rF- rCorr
                  | Slay+5 Stlth+}.
  1321 | D:2      | 1321 ||| READING scroll labelled AJEKKASCHAI.
  1322 | D:2      | 1322 ||| READING scroll labelled TONYTR WULICH.
  1323 | D:2      | 1323 ||| READING scroll labelled WAT ZAC SURPH.
  1324 | D:2      | 1324 ||| READING scroll labelled URIRAE UKIS.
  1325 | D:2      | 1325 ||| DRINKING 4 blue potions.
  1327 | D:2      | 1327 ||| Stepping ~*~*~tactically~*~*~ (cloud).
  1327 | D:2      | HP: 4/20 [poisoned by you (poison gas)]
  1328 | D:2      | 1328 ||| DRINKING 3 potions of curing.
  1328 | D:2      | 1328 ||| (to cure poison)
  1392 | D:3      | Found Tytzicru's Weapon Emporium.
  1399 | D:3      | 1399 ||| SHOPLISTING +0 arbalest (63 gold, have 44).
  1399 | D:3      | 1399 ||| SHOPLISTING +8 shortbow of Ychonosk {antimagic,
                  | rN+} (842 gold, have 44).
  1451 | D:3      | Reached skill level 7 in Ranged Weapons
  1464 | D:3      | Noticed Jessica
  1470 | D:3      | Killed Jessica
  1471 | D:3      | Reached XP level 4. HP: 25/25 MP: 6/6
  1564 | D:3      | Noticed Sigmund
  1577 | D:3      | Killed Sigmund
  1578 | D:3      | Reached skill level 9 in Ranged Weapons
  1578 | D:3      | Reached XP level 5. HP: 12/29 MP: 7/7
  1683 | D:3      | Found a shadowy altar of Dithmenos.
  1683 | D:3      | Found a radiant altar of Vehumet.
  1838 | D:3      | Reached XP level 6. HP: 35/35 MP: 8/8
  2067 | D:3      | 2067 ||| READING scroll of enchant weapon.
  2067 | D:3      | 2067 ||| ENCHANTING +1 shortbow.
  2269 | D:3      | 2269 ||| READING scroll labelled QIFIOR XYEKI.
  2370 | D:3      | 2370 ||| READING 3 scrolls labelled XEZILE XABUO.
  2371 | D:3      | 2371 ||| DROPPING 2 scrolls of noise.
  2390 | D:4      | Noticed Menkaure
  2394 | D:4      | 2394 ||| STAIRDANCE
  2418 | D:4      | 2418 ||| STAIRDANCE
  2482 | D:4      | 2482 ||| STAIRDANCE
  2499 | D:4      | Killed Menkaure
  2500 | D:4      | Reached skill level 10 in Ranged Weapons
  2508 | D:4      | Reached skill level 3 in Dodging
  2566 | D:4      | Reached XP level 7. HP: 40/40 MP: 9/9
  2731 | D:4      | Reached skill level 1 in Armour
  2804 | D:4      | Identified the +12 war axe "Opohi" {flame, rElec rC- rCorr
                  | Str+3}
  2887 | D:4      | Identified the +1 robe of the Lemon {SInv}
  2958 | D:4      | 2958 ||| DRINKING 3 potions of curing.
  2958 | D:4      | 2958 ||| (to cure confusion)
  3027 | D:4      | Found a sparkling altar of Nemelex Xobeh.
  3122 | D:4      | Found a sparkling altar of Nemelex Xobeh.
  3128 | D:4      | 3128 ||| UPGRADING to +1 robe of the Lemon {SInv}.
  3160 | D:5      | Entered Level 5 of the Dungeon
  3164 | D:5      | 3164 ||| STAIRDANCE
  3169 | D:4      | HP: 10/40 [hound (2)]
  3173 | D:4      | HP: 2/40 [hound (4)]
  3177 | D:4      | Slain by an ice beast

Levels and vault maps discovered:
D:1:      tarquinn_simple_flora_water_e, layout_loops_ring,
          minmay_misc_feat_secret_circle
D:2:      layout_basic, serial_corexii_hall, chequers_hall_statues_corner_a,
          chequers_hall_statues_corner_a, corexii_hall_statues_l, serial_shops,
          nicolae_shop_hallway_stairs
D:3:      layout_basic, gammafunk_temple_overflow_elements, serial_shops,
          nicolae_shop_competitors_out_of_business, grunt_ministairs_11,
          uniq_sigmund, uniq_jessica
D:4:      layout_loops_ring, nemelex_spade_bored_becter,
          kennysheep_small_circle, uniq_menkaure
D:5:      layout_basic, okawaru_metal_pillars_1_2, serial_shops,
          kennysheep_mini_moat, hex_medium, kennysheep_diamond

Skill      XL: |  1  2  3  4  5  6  7 |
---------------+----------------------+-----
Ranged Weapons | 6 7 9 10 | 10.9
Fighting       | 2 |  2.0
Dodging        | 3 |  3.7
Armour         | 1 |  1.0
Stealth        | |  1.2

Action                     |  1- 3 |  4- 6 |  7- 9 || total
---------------------------+-------+-------+-------++-------
   Fire: Shortbow          |    93 |    66 |    47 ||   206
    Use: Scroll            |     6 |     3 |       ||     9
         Potion            |     2 |       |     1 ||     3
 Armour: Leather armour    |    13 |       |       ||    13
         Ring mail         |     3 |     5 |       ||     8
         Robe              |       |       |     5 ||     5
  Dodge: Dodged            |    48 |     9 |    31 ||    88

Table legend:
 A = Non-vault XP
 B = Vault XP
 C = Vault XP percentage of total XP
 D = Non-vault monster count
 E = Vault monster count
 F = Vault count percentage of total count
                 A         B        C        D         E       F
            +---------+---------+-------+---------+---------+-------
      Total |     470 |     469 |  49.9 |      67 |       6 |   8.2
            +---------+---------+-------+---------+---------+-------
        D:1 |      50 |       0 |   0.0 |      22 |       0 |   0.0
        D:2 |       8 |       0 |   0.0 |       6 |       0 |   0.0
        D:3 |      96 |     262 |  73.2 |      14 |       4 |  22.2
        D:4 |     316 |     207 |  39.6 |      25 |       2 |   7.4
            +---------+---------+-------+---------+---------+-------
